Map: Ulrena

Players

Kyora - Winner!

  • Race: Zerg Zerg
  • League: Silver
  • Spawn Location: 7:00

zidar

  • Race: Zerg Zerg
  • League: Silver
  • Spawn Location: 11:00

VOD

Have the link to the VOD?

Description

Time

  • Played on: Dec. 24, 2015, 12:05 p.m.
  • Length: 4:12
Show
View Real Time Build Order
Export as new Build Order

Kyora Zerg - Winner!

Build Orders: Pool First 

Get SALT Encoding   

  12  0:01  Drone  
  13  0:12  Overlord  
  13  0:17  Drone  
  14  0:31  Drone x2  
  16  0:37  Extractor  
  16  0:38  Drone  
  16  0:55  Spawning Pool  
  15  0:59  Drone x2  
  17  1:07  Drone  
  18  1:17  Drone  
  19  1:36  Overlord, Hatchery  
  18  1:47  Queen  
  20  2:04  Metabolic Boost  
  20  2:16  Zergling x4  
  20  2:17  Zergling x2  
  20  2:22  Queen  
  25  2:44  Baneling Nest  
  25  2:47  Zergling x2  
  25  2:48  Zergling x2  
  26  2:57  Spine Crawler  
  23  3:08  Queen  
  22  3:19  Zergling x6  
  25  3:20  Zergling x2  
  25  3:21  Drone x3  
  29  3:37  Overlord  
  29  3:40  Spine Crawler  
  28  3:42  Baneling  
  28  3:44  Baneling x2  
  28  3:54  Drone  
  28  3:55  Zergling x2  
Show
View Real Time Build Order
Export as new Build Order

zidar Zerg 

Build Orders: Pool First 

Get SALT Encoding   

  12  0:19  Spawning Pool  
  11  0:22  Drone  
  12  0:30  Extractor  
  12  0:31  Drone  
  12  0:40  Drone  
  13  0:45  Drone  
  14  0:50  Overlord  
  14  1:07  Queen  
  14  1:11  Zergling x2  
  17  1:14  Zergling x2  
  18  1:29  Zergling x2  
  19  1:44  Metabolic Boost  
  19  1:59  Zergling x6  
  22  2:21  Overlord  
  22  2:38  Queen  
  24  2:45  Zergling x2  
  24  2:46  Zergling x4  
  21  3:21  Zergling x2  
  22  3:30  Overlord x2  
  22  3:51  Zergling x2  
  22  3:52  Zergling x6  
  22  3:53  Hatchery  
Tags
 
Matchup
ZvZ
Race
Zerg
Spawn Locations
Close Positions
Add a new tag
Caveats
  • Supply blocks, unpowered buildings, or Contaminate may cause inaccurate times.
  • Supply counts are checked every 10 seconds.